 Dungeon Crawl Stone Soup version 0.18.1-48-g4cf74bf (webtiles) character file.

1560 WarriorsX the Shield-Bearer (level 9, -6/68 HPs)
             Began as a Human Fighter on July 30, 2016.
             Killed from afar by a lich (57 damage)
             ... with an iron shot
             ... on level 1 of the Abyss.
             The game lasted 00:22:08 (5403 turns).

WarriorsX the Shield-Bearer (Human Fighter)         Turns: 5403, Time: 00:22:08

Health: -6/68      AC: 12    Str: 18    XL:     9   Next: 12%
Magic:  9/9        EV:  9    Int:  8    God:
Gold:   217        SH: 13    Dex: 13    Spells: 0 memorised, 8 levels left

rFire  + . .     SeeInvis .     a - +0 long sword
rCold  x . .     Gourm    .     I - +2 ring mail {rPois}
rNeg   . . .     Faith    .     c - +0 shield
rPois  +         Spirit   .     (no helmet)
rElec  .         Dismiss  .     x - +0 cloak
rCorr  .         Reflect  +     (no gloves)
SustAt .         Harm     .     C - +2 pair of boots
MR     .....                    l - +2 amulet of reflection
Stlth  +.........               (no ring)
                                i - ring of fire

@: very slightly contaminated, invisible, not resistant to hostile enchantments,
very unstealthy
A: hooves 1, blink, poison resistance, screaming 1, weak 1
a: Blink


You were on level 1 of the Abyss.
You were not hungry.

You visited 1 branch of the dungeon, and saw 7 of its levels.
You visited the Abyss 1 time.

You collected 217 gold pieces.

Inventory:

Hand Weapons
 a - a +0 long sword (weapon)
 v - a +0 war axe of chopping
Armour
 c - a +0 shield (worn)
 x - a +0 cloak (worn)
 y - a +0 large shield
 C - a +2 pair of boots (worn)
 I - a +2 ring mail of poison resistance (worn)
Jewellery
 i - a ring of fire (left hand)
 l - a +2 amulet of reflection (around neck)
 E - an uncursed amulet of the gourmand {unknown}
Wands
 s - a wand of teleportation (0/9)
 u - a wand of slowing (26/48)
 B - a wand of teleportation (5/9)
 D - a wand of iceblast (0/15)
 G - a wand of polymorph (5/24)
Scrolls
 e - 7 scrolls of identify
 g - a scroll of blinking
 k - 11 scrolls of remove curse
 r - 2 scrolls of amnesia
 w - a scroll of teleportation {unknown}
 z - 3 scrolls of enchant armour
Potions
 b - a potion of beneficial mutation {unknown}
 d - a potion of might
 j - a potion of cancellation
 o - a potion of heal wounds {unknown}
 q - a potion of curing
Books
 t - a book of Power

   Spells                             Type                      Level
   a - Fulminant Prism                Conjuration/Hexes            4
   b - Iskenderun's Mystic Blast      Conjuration                  4
   c - Venom Bolt                     Conjuration/Poison           5
   d - Bolt of Magma                  Conjuration/Fire/Earth       5
   e - Iron Shot                      Conjuration/Earth            6
   f - Orb of Destruction             Conjuration                  7
   g - Spellforged Servitor           Conjuration/Summoning        7
Comestibles
 f - 2 bread rations
 h - 2 meat rations
 m - 2 chunks of flesh
 n - 8 fruits
 p - a beef jerky


   Skills:
 - Level 5.1 Fighting
 - Level 5.1 Long Blades
 + Level 6.0 Armour
 + Level 7.6 Shields
 - Level 0.2 Evocations


You had 8 spell levels left.
You didn't know any spells.

Dungeon Overview and Level Annotations

Branches:
Dungeon (7/15)             Temple (0/1) D:5

Altars:
Ashenzari
Elyvilon


Innate Abilities, Weirdness & Mutations

You have large cloven feet.
You can translocate small distances at will.
Your system is resistant to poisons.
You occasionally shout uncontrollably at your foes.
You are weak. (Str -2)


Message History

A lich comes into view.
The lich moves out of view.
You see here a meat ration.
h - 2 meat rations (gained 1)
The lich touches you.
The lich gestures at you while chanting.
You are confused.
You bump into the rock wall.
You bump into the rock wall.
The lich casts a spell.
You bump into the rock wall.
The lich touches you but does no damage.
You're too confused to move!
You feel less confused.
The lich touches you but does no damage.
You block the Hell Sentinel's attack. The Hell Sentinel hits you.
The lich points at you and mumbles some strange words.
The iron shot hits you!
Ouch! That really hurt!
You die...

.. . .. ## ..
###.##.(#...#
...#....# #...# ..
....# #... .
....####...####### #
##.................#
....... .............#
.....................#
.. .............@....#
................######
..# # .....#..1L#... .
....##.#....#.## #..
.. . #.#......... ..
..... ..#######. ## .
###. ... .# ... .# ..


You could see a Hell Sentinel and a lich.

Vanquished Creatures
  Edmund (D:5)
  An ice beast (D:5)
  An orc warrior (D:7)
  2 sky beasts
  A big kobold (D:7)
  A giant frog (D:6)
  A scorpion (D:5)
  3 howler monkeys
  4 hounds
  2 orc priests
  4 orc wizards
  A giant frog skeleton (D:5)
  8 worker ants
  2 iguanas
  A hound skeleton (D:5)
  A howler monkey zombie (D:5)
  5 adders
  4 worms
  2 dart slugs (D:2)
  4 giant geckos
  12 orcs
  2 giant cockroaches
  6 goblins
  10 hobgoblins
  17 jackals
  12 kobolds
  3 quokkas
  2 ball pythons
  9 bats
  5 giant newts
  A quokka skeleton (D:3)
  A quokka zombie (D:5)
  7 rats
136 creatures vanquished.

Vanquished Creatures (others)
  An orc wizard (D:6)
  4 bushes (D:7)
  5 plants (D:7)
10 creatures vanquished.

Grand Total: 146 creatures vanquished

Notes
Turn   | Place    | Note
--------------------------------------------------------------
     0 | D:1      | WarriorsX the Human Fighter began the quest for the Orb.
     0 | D:1      | Reached XP level 1. HP: 18/18 MP: 1/1
   120 | D:1      | Reached XP level 2. HP: 24/24 MP: 2/2
   457 | D:1      | Reached XP level 3. HP: 29/30 MP: 3/3
  1122 | D:2      | Reached XP level 4. HP: 37/37 MP: 4/4
  2095 | D:3      | Reached XP level 5. HP: 43/43 MP: 5/5
  2464 | D:3      | HP: 1/43 [orc/war axe (10)]
  3119 | D:4      | Found a white marble altar of Elyvilon.
  3145 | D:4      | Reached skill level 5 in Fighting
  3217 | D:4      | Reached XP level 6. HP: 50/51 MP: 6/6
  3396 | D:4      | Noticed Edmund
  3422 | D:5      | Entered Level 5 of the Dungeon
  3660 | D:5      | Reached skill level 5 in Long Blades
  3664 | D:5      | Noticed a sky beast
  3677 | D:5      | Killed a sky beast
  3677 | D:5      | Reached XP level 7. HP: 48/56 MP: 7/7
  3681 | D:5      | Gained mutation: Your system is resistant to poisons. [mutagenic meat]
  3682 | D:5      | Gained mutation: You can translocate small distances at will. [mutagenic meat]
  3683 | D:5      | Gained mutation: You are weak. (Str -2) [mutagenic meat]
  3703 | D:5      | Found a staircase to the Ecumenical Temple.
  3895 | D:5      | Reached skill level 4 in Shields
  4205 | D:5      | Found a shattered altar of Ashenzari.
  4390 | D:5      | Reached XP level 8. HP: 51/62 MP: 8/8
  4422 | D:5      | Reached skill level 5 in Shields
  4454 | D:5      | Killed Edmund
  4454 | D:5      | Reached skill level 5 in Armour
  4737 | D:6      | Reached skill level 6 in Shields
  5013 | D:7      | Reached skill level 7 in Shields
  5027 | D:7      | Gained mutation: You have large cloven feet. [potion of mutation]
  5027 | D:7      | Gained mutation: You occasionally shout uncontrollably at your foes. [potion of mutation]
  5064 | D:7      | Reached XP level 9. HP: 31/68 MP: 9/9
  5366 | D:7      | Cast into level 1 of the Abyss (orc wizard)
  5391 | Abyss:1  | Noticed a lich
  5400 | Abyss:1  | Noticed a Hell Sentinel
  5403 | Abyss:1  | Killed from afar by a lich

Skill      XL: |  1  2  3  4  5  6  7  8  9 |
---------------+----------------------------+-----
Fighting       | 4 5 |  5.1
Long Blades    | 3 4 5 |  5.1
Armour         | 4 5 6 |  6.0
Shields        | 4 7 |  7.6
Evocations     | |  0.2

Action                   |  1- 3 |  4- 6 |  7- 9 || total
-------------------------+-------+-------+-------++-------
Melee: Long sword        |    90 |   261 |   296 ||   647
Evoke: Wand              |       |     2 |     4 ||     6
  Use: Scroll            |     2 |     3 |     3 ||     8
       Potion            |       |     1 |     7 ||     8
 Stab: Invisible         |       |       |     2 ||     2
  Eat: Chunk             |     1 |     8 |    10 ||    19
Armor: Scale mail        |    45 |   118 |    56 ||   219
       Ring mail         |       |       |    92 ||    92
Dodge: Dodged            |    25 |    82 |    86 ||   193
Block: Shield            |    42 |   151 |   186 ||   379
       Reflection        |       |       |     5 ||     5
